 Dungeon Crawl Stone Soup version 0.30-a0-953-g5f1da4a474 (webtiles) character file.

Game seed: 6229430856625163691

2333 vineage the Fighter (level 9, -13/62 HPs)
             Began as a Gargoyle Fighter on Mar 28, 2023.
             Was an Initiate of Okawaru.
             Mangled by an orc warlord
             ... wielding a +5 broad axe
              (22 damage)
             ... in a bailey.
             The game lasted 00:06:48 (5973 turns).

vineage the Fighter (Gargoyle Fighter)              Turns: 5973, Time: 00:06:49

Health: -13/62     AC: 16    Str: 22    XL:     9   Next: 42%
Magic:  9/9        EV:  7    Int:  9    God:    Okawaru [......]
Gold:   376        SH:  6    Dex: 11    Spells: 8/8 levels left

rFire   . . .      SeeInvis .    o - +0 morningstar
rCold   . . .      Faith    .    c - +1 buckler
rNeg    + . .      Spirit   .    q - +0 chain mail
rPois   ∞          Reflect  .    (no helmet)
rElec   +          Rampage  .    (no cloak)
rCorr   .                        (no gloves)
Will    .....                    (no boots) Stlth
                                 h - amulet of magic regeneration
HPRegen 0.30/turn                f - +4 ring of slaying
MPRegen 0.51/turn                (no ring)

@: mighty
A: sickness immunity, AC +6, negative energy resistance 1, electricity
resistance, torment resistance 1, petrification resistance
a: Renounce Religion


You were in a bailey.
You worshipped Okawaru.
Okawaru was noncommittal.
You visited 2 branches of the dungeon, and saw 8 of its levels.
You also visited: Bailey.

You collected 376 gold pieces.

Inventory:

Hand Weapons
 a - a +1 flail
 o - a +0 morningstar (weapon)
Armour
 c - a +1 buckler (worn)
 q - a +0 chain mail (worn)
Jewellery
 f - a +4 ring of slaying (left hand)
 h - an amulet of magic regeneration (around neck)
 n - an amulet of guardian spirit
Wands
 t - a wand of iceblast (6)
 v - a wand of flame (30)
Scrolls
 b - 2 scrolls of teleportation
 l - 4 scrolls of enchant armour
 r - a scroll of enchant weapon
 w - a scroll of identify
Potions
 d - 2 potions of might
 e - 4 potions of curing
 g - a potion of cancellation {unknown}
 i - a potion of berserk rage {unknown}
 j - 2 potions of haste {unknown}
 k - a potion of ambrosia {unknown}
 m - 2 potions of brilliance {unknown}
 p - 2 potions of flight
 s - 2 potions of mutation {unknown}
 u - 3 potions of degeneration {unknown}


   Skills:
 * Level 10.0 Fighting
 * Level 6.5 Maces & Flails
 + Level 5.7 Armour
 + Level 5.9 Shields
 + Level 0.3 Invocations


You had 8 spell levels left.
You didn't know any spells.
Your spell library contained the following spells:

 Spells                   Type           Power      Damage    Failure   Level
 Shock                    Conj/Air       0%         1d3       99%         1
 Poisonous Vapours        Pois/Air       0%         N/A       99%         2
 Mephitic Cloud           Conj/Pois/Air  0%         N/A       100%        3
 Swiftness                Air            0%         N/A       100%        3
 Airstrike                Air            0%         2d(0-16)  100%        4
 Cigotuvi's Dreadful Rot  Necr/Pois/Air  Unusable   N/A       N/A         2

Dungeon Overview and Level Annotations

Branches:
Dungeon (7/15)             Temple (1/1) D:4          Bailey (1/1)

Altars:
Ashenzari
Cheibriados
Dithmenos
Elyvilon
Fedhas
Gozag
Kikubaaqudgha
Makhleb
Nemelex Xobeh
Okawaru
Qazlal
Ru
Sif Muna
Trog
Uskayaw
Vehumet
Xom
Yredelemnul
Zin
The Shining One

Shops:
D:3 [   D:5 :


Innate Abilities, Weirdness & Mutations

You are immune to sickness and miasma.
Your stone body is resilient. (AC +6)
You are immune to poison.
You resist negative energy. (rN+)
You are resistant to electric shocks. (rElec)
You are resistant to unholy torment.
You are immune to petrification.


Message History

The orc barely misses you.
You bludgeon the orc!!
You kill the orc!
Okawaru accepts your kill.
You hit the goblin but do no damage. The goblin hits you but does no damage.
An orc warrior comes into view. It is wielding a +0 war axe.
You bludgeon the goblin!!
You kill the goblin!
Okawaru accepts your kill.
You feel very mighty all of a sudden.
The orc warlord hits you but does no damage.
You bludgeon the orc warlord!!
The orc warlord is lightly wounded.
The orc warlord roars a battlecry!
The orc knight goes into a battle-frenzy!
You hit the orc warlord but do no damage.
The orc warlord is lightly wounded.
An orc warrior comes into view. It is wielding a +0 hand axe.
The orc warlord hits you with a +5 broad axe!
You thump the orc warlord!
The orc warlord is moderately wounded.
The orc warlord roars a battlecry!
The orc warrior goes into a battle-frenzy!
You impale the orc warlord!!
The orc warlord is heavily wounded.
You barely miss the orc warlord.
The orc warlord is heavily wounded.
The orc warlord hits you with a +5 broad axe!!!
Ouch! That really hurt!
* * * LOW HITPOINT WARNING * * *
You hear a shout! x2
You sock the orc warlord!
The orc warlord is heavily wounded.
You feel like a meek peon again.
The orc warlord hits you with a +5 broad axe.
* * * LOW HITPOINT WARNING * * *
You sock the orc warlord!
The orc warlord is severely wounded.
The orc warlord hits you with a +5 broad axe!!
You die... ####)## #..... ##..)).## #..... #.......# #.... ##.......## .ooo #.........# #og

##.........##
###o###.....⌠.....#
##88)88##.........##
#...o@..#.).......#
#.......##)......##
.'..o......'.......#
##.........##.....##
#.....⌠.....#######
##.........##
#.........#
##.......##
#!?...!!#


You could see an orc warlord (strong), an orc knight (strong), 4 orc warriors,
an orc (strong) and a goblin.

Vanquished Creatures
  2 water moccasins
  4 orc warriors (Bailey)
  2 ice beasts
  2 black bears
  An ogre (D:5)
  A phantom (D:5)
  2 scorpions
  6 killer bees
  A howler monkey (D:3)
  4 hounds
  3 jellies
  An orc priest (D:4)
  2 sleepcaps
  2 iguanas (D:4)
  4 orc wizards
  10 gnolls
  12 adders
  A shadow imp (D:4)
  3 worms
  2 dart slugs
  24 orcs
  9 endoplasms
  8 giant cockroaches
  12 goblins
  12 hobgoblins
  5 jackals
  5 kobolds
  A quokka (D:2)
  9 ball pythons
  6 bats
  6 frilled lizards
  10 rats
172 creatures vanquished.

Notes
Turn   | Place    | Note
-------+----------+-------------------------------------------
     0 | D:1      | vineage the Gargoyle Fighter began the quest for the Orb.
     0 | D:1      | Reached XP level 1. HP: 14/14 MP: 1/1
     0 | D:1      | Noticed a jelly
     2 | D:1      | Found a runed translucent door.
    99 | D:1      | Reached XP level 2. HP: 20/20 MP: 2/2
   126 | D:1      | Reached skill level 4 in Fighting
   416 | D:1      | Reached XP level 3. HP: 22/24 MP: 3/3
   429 | D:1      | Reached skill level 5 in Fighting
   429 | D:1      | Reached XP level 4. HP: 20/31 MP: 4/4
   648 | D:2      | Reached skill level 6 in Fighting
   715 | D:2      | Reached XP level 5. HP: 36/36 MP: 5/5
  1181 | D:3      | Found Xioklutzai's Antique Armour Emporium.
  1392 | D:3      | Noticed an ice beast
  1400 | D:3      | Killed an ice beast
  1401 | D:3      | Reached skill level 7 in Fighting
  1401 | D:3      | Reached XP level 6. HP: 44/44 MP: 6/6
  2081 | D:4      | Found a burning altar of Makhleb.
  2088 | D:4      | Found an opulent altar of Gozag.
  2088 | D:4      | Found an ancient bone altar of Kikubaaqudgha.
  2311 | D:4      | HP: 1/44 [orc priest/divine providence (10)]
  2315 | D:4      | Reached XP level 7. HP: 19/48 MP: 7/7
  2612 | D:4      | Found a staircase to the Ecumenical Temple.
  2827 | Temple   | Entered the Ecumenical Temple
  3173 | D:5      | Entered Level 5 of the Dungeon
  3329 | D:5      | Reached skill level 8 in Fighting
  3473 | D:4      | Reached XP level 8. HP: 9/55 MP: 8/8
  4283 | D:5      | Found Tingojupt's Tremendous Tomes.
  4422 | D:5      | Found a bloodstained altar of Trog.
  4673 | D:6      | Reached skill level 9 in Fighting
  4673 | D:6      | Reached skill level 5 in Maces & Flails
  4768 | D:6      | Reached skill level 5 in Shields
  4905 | D:6      | Reached skill level 5 in Armour
  4921 | D:6      | Found an iron altar of Okawaru.
  5015 | D:6      | Became a worshipper of Warmaster Okawaru
  5144 | D:7      | Reached XP level 9. HP: 55/61 MP: 9/9
  5434 | D:7      | Found a flagged portal.
  5451 | Bailey   | Entered a bailey
  5534 | Bailey   | Reached * piety under Okawaru
  5706 | Bailey   | Reached skill level 10 in Fighting
  5957 | Bailey   | Noticed an orc warlord
  5958 | Bailey   | Noticed an orc knight
  5973 | Bailey   | Mangled by an orc warlord

Illustrated notes

Levels and vault maps discovered:
D:1:      dpeg_arrival_caged_fury, layout_basic
D:2:      minmay_chambers_of_twos, layout_rooms, minmay_tromino_v4_c
D:3:      layout_basic, serial_shops, shop, minmay_misc_feat_rows
D:4:      layout_loops_corners, gammafunk_temple_overflow_forgotten,
          minmay_temple_entry_enclosed_plants
D:5:      layout_cave_pools, trog_book, serial_bayou_pond_b,
          nicolae_shop_i_like_big_books, patterned_corridor
D:6:      layout_rooms, general_overflow_altar, nicolae_shop_unique_rings
D:7:      layout_loops_corners, mainiacjoe_overflow_surrounded_room,
          enter_bailey_5, minivault_14
Temple:   minmay_freezing_vapour_temple
Bailey:   bailey_axe_minmay_hex_keep, bailey

Skill      XL: |  1  2  3  4  5  6  7  8  9 |
---------------+----------------------------+-----
Fighting       | 4 5 6 7 8 9 10 | 10.0
Maces & Flails | 4 5 6 |  6.5
Shields        | 4 5 |  5.9
Armour         | 4 5 |  5.7
Invocations    | |  0.3

Action                     |  1- 3 |  4- 6 |  7- 9 || total
---------------------------+-------+-------+-------++-------
  Melee: Flail             |    72 |   145 |    28 ||   245
         Morningstar       |       |       |   284 ||   284
 Invoke: Heroism           |       |       |     2 ||     2
    Use: Scroll            |       |     6 |     5 ||    11
         Potion            |       |     2 |     2 ||     4
 Armour: Scale mail        |    47 |    27 |       ||    74
         Chain mail        |       |    58 |   276 ||   334
  Dodge: Dodged            |    57 |    50 |   149 ||   256
  Block: Buckler           |    26 |    38 |   121 ||   185

Table legend: (Time is in decaauts)
 A = Elapsed time spent in this place.
 B = Non-inter-level travel time spent in this place.
 C = Inter-level travel time spent in this place.
 D = Time resting spent in this place.
 E = Time spent auto-exploring this place.
 F = Levels seen in this place.
 G = Mean time per level.
                   A        B        C        D        E       F      G
               +--------+--------+--------+--------+--------+-----+--------+
         Total |   6133 |   5747 |    386 |    902 |   3644 |   9 |  681.4 |
       Dungeon |   5595 |   5209 |    386 |    559 |   3579 |   7 |  799.3 |
        Temple |      1 |      1 |      0 |      0 |      0 |   1 |    1.0 |
        Bailey |    536 |    536 |      0 |    343 |     65 |   1 |  536.0 |
               +--------+--------+--------+--------+--------+-----+--------+

Top non-repeatable levels by time:
     D:4: 1613 daAuts
     D:5: 1087 daAuts
     D:3: 986 daAuts
     D:2: 538 daAuts
  Bailey: 536 daAuts
     D:1: 527 daAuts
     D:6: 518 daAuts
     D:7: 324 daAuts
  Temple: 1 daAuts
